 Dungeon Crawl Stone Soup version 0.29-a0-506-ga2e7fffb44 (webtiles) character file.

Game seed: 7132327920731070581

235 avis the Skirmisher (level 6, -7/62 HPs)
             Began as an Ogre Transmuter on May 28, 2022.
             Splashed by a jelly's acid (10 damage)
             ... on level 4 of the Dungeon.
             The game lasted 00:17:23 (4495 turns).

avis the Skirmisher (Ogre Transmuter)               Turns: 4495, Time: 00:17:26

Health: -7/62      AC: -9    Str: 15    XL:     6   Next: 6%
Magic:  7/10       EV: 10    Int: 14    God:
Gold:   233        SH:  0    Dex: 11    Spells: 7/11 levels left

rFire   . . .      SeeInvis .     - Unarmed
rCold   . . .      Faith    .   (no shield)
rNeg    . . .      Spirit   .   a - +0 robe
rPois   .          Reflect  .   (helmet currently unavailable)
rElec   .          Harm     .   (no cloak)
rCorr   .          Rampage  .   (gloves unavailable)
Will    .....                   (boots unavailable)
Stlth   +.........              (no amulet)
HPRegen 0.20/turn               (no ring)
MPRegen 0.12/turn               (no ring)

@: appendages, corroded
A: horns 2, talons 2, large, unfitting armour, tough skin 1
a: End Transformation


You were on level 4 of the Dungeon.
You had temporarily grown beastly horns and talons.
You visited 1 branch of the dungeon, and saw 4 of its levels.

You collected 233 gold pieces.

Inventory:

Hand Weapons
 k - a +0 hunting sling
Missiles
 c - 76 stones
 e - 6 poisoned darts
Armour
 a - a +0 robe (worn)
Scrolls
 g - a scroll of silence {unknown}
 m - a scroll of teleportation {unknown}
 n - 3 scrolls of identify {unknown}
 o - a scroll of noise {unknown}
 p - a scroll of magic mapping {unknown}
 r - a scroll of torment {unknown}
 s - a scroll of amnesia {unknown}
Potions
 b - a potion of lignification
 d - 2 potions of attraction {unknown}
 f - a potion of heal wounds {unknown}
 h - 2 potions of curing {unknown}
 i - a potion of flight {unknown}
 j - a potion of ambrosia {unknown}
 l - a potion of berserk rage {unknown}
 q - a potion of degeneration {unknown}


   Skills:
 * Level 3.7 Fighting
 - Level 3.0 Dodging
 - Level 3.0 Unarmed Combat
 - Level 3.0 Spellcasting
 - Level 3.0 Transmutations
 - Level 2.0 Poison Magic


You had 7 spell levels left.
You knew the following spells:

 Your Spells              Type           Power      Damage    Failure   Level
a - Beastly Appendage     Tmut           20%        N/A       6%          1
p - Spider Form           Tmut/Pois      9%         N/A       22%         3

Your spell library contained the following spells:

 Spells                   Type           Power      Damage    Failure   Level
 Wereblood                Tmut           10%        N/A       10%         2
 Scorch                   Fire           4%         2d5       32%         2
 Ice Form                 Ice/Tmut       6%         N/A       75%         4
 Flame Wave               Conj/Fire      2%         2d4       91%         4
 Fulminant Prism          Conj/Hex       1%         3d6       91%         4
 Iskenderun's Mystic Bla  Conj/Tloc      2%         2d3       91%         4
 Lee's Rapid Deconstruct  Erth           1%         3d5*      99%         5
 Summon Cactus Giant      Summ           1%         N/A       100%        6


Dungeon Overview and Level Annotations

Branches:
Dungeon (4/15)
 Temple: D:4-7

Altars:
Dithmenos


Innate Abilities, Weirdness & Mutations

You have temporarily grown beastly horns and talons.
You are too large for most types of armour.
You have tough skin. (AC +1)


Message History

You hit the scorpion.
The scorpion looks as sick as possible!
The scorpion is almost dead.
You kill the scorpion!
The jelly hits you.
You are splashed with acid!
Training target 2.0 for Poison Magic reached!
Your Poison Magic skill increases to level 2!
You need to enable at least one skill for training.
You have reached level 6!
You feel stronger.
You hit the jelly. The acid corrodes you!
Your front legs burn!
The jelly is moderately wounded.
The jelly closely misses you.
You hit the jelly but do no damage.
Your front legs burn!
The jelly is moderately wounded.
The jelly completely misses you.
You hit the jelly. The acid corrodes you!
Your front legs burn!
The jelly is severely wounded.
Your transformation has ended.
Your +0 robe unmelds from your body.
Casting: Spider Form (dangerous; 22% risk of failure)
Confirm with . or Enter, or press ? or * to list all spells.
You grow a pair of large bovine horns.
Your feet morph into talons.
The jelly closely misses you.
You hit the jelly but do no damage. The acid corrodes you!
Your hands burn!
You claw the jelly, but do no damage.
The jelly is severely wounded.
The jelly hits you.
You are splashed with acid!
You hit the jelly but do no damage.
Your hands burn!
You claw the jelly, but do no damage.
You headbutt the jelly, but do no damage.
The jelly is severely wounded.
The jelly hits you.
You are splashed with acid!
* * * LOW HITPOINT WARNING * * *
You hit the jelly but do no damage.
Your hands burn!
* * * LOW HITPOINT WARNING * * *
The jelly is severely wounded.
The jelly hits you.
* * * LOW HITPOINT WARNING * * *
You are splashed with acid!
You die...

..!...........#
..............#
..............## ..
.................... ..
.....................
........................
..........#.............
...........#.#..J.......
............##..@.......
#...........#...#.......
............#...###.....
...........#...## ....
...............# ...
................# ..
.................# .
.................#
..................#


You could see a jelly.

Vanquished Creatures
  A scorpion (D:4)
  6 gnolls
  7 adders
  A white imp (D:3)
  3 dart slugs
  7 ball pythons
  3 bats
  3 endoplasms
  2 goblins
  2 hobgoblins (D:2)
  4 quokkas
  A frilled lizard (D:2)
  7 kobolds
  10 rats
57 creatures vanquished.

Notes
Turn   | Place    | Note
-------+----------+-------------------------------------------
     0 | D:1      | avis the Ogre Transmuter began the quest for the Orb.
     0 | D:1      | Reached XP level 1. HP: 19/19 MP: 3/3
   613 | D:1      | Reached XP level 2. HP: 18/28 MP: 3/5
  1151 | D:2      | Reached XP level 3. HP: 35/35 MP: 5/7
  1460 | D:2      | Found a faded altar of an unknown god.
  1748 | D:2      | Reached XP level 4. HP: 20/44 MP: 6/8
  2538 | D:2      | Learned a level 3 spell: Spider Form
  3235 | D:2      | Reached XP level 5. HP: 45/53 MP: 6/9
  3649 | D:3      | Found a shadowy altar of Dithmenos.
  3730 | D:3      | Reached skill level 1 in Poison Magic
  4489 | D:4      | Reached XP level 6. HP: 49/62 MP: 7/10
  4495 | D:4      | HP: 3/62 [jelly (3)]
  4495 | D:4      | Splashed by a jelly's acid

Illustrated notes

Levels and vault maps discovered:
D:1:      eino_arrival_tree_alley, layout_basic, minivault_5
D:2:      layout_loops_ring, ebering_ecumenical_altar_mist
D:3:      layout_basic, mainiacjoe_overflow_24_doors
D:4:      layout_layer_cave

Skill      XL: |  1  2  3  4  5 |
---------------+----------------+-----
Dodging        | 2 3 |  3.0
Transmutations | 2 3 |  3.0
Fighting       | 2 3 |  3.7
Unarmed Combat | 3 |  3.0
Spellcasting   | 3 |  3.0
Poison Magic   | 2 |  2.0

Action                   |  1- 3 |  4- 6 || total
-------------------------+-------+-------++-------
Melee: Unarmed           |   108 |    96 ||   204
       Kick              |    23 |    15 ||    38
       Headbutt          |    12 |     5 ||    17
       Punch             |     1 |       ||     1
 Cast: Beastly Appendage |    27 |    11 ||    38
       Spider Form       |       |    15 ||    15
  Use: Potion            |       |     1 ||     1
 Stab: Sleeping          |     1 |     1 ||     2
Armor: Robe              |    35 |     4 ||    39
       Skin              |       |     7 ||     7
Dodge: Dodged            |    59 |    63 ||   122

Table legend: (Time is in decaauts)
 A = Elapsed time spent in this place.
 B = Non-inter-level travel time spent in this place.
 C = Inter-level travel time spent in this place.
 D = Time resting spent in this place.
 E = Time spent auto-exploring this place.
 F = Levels seen in this place.
 G = Mean time per level.
                   A        B        C        D        E       F      G
               +--------+--------+--------+--------+--------+-----+--------+
         Total |   4489 |   4203 |    286 |   1756 |   1601 |   4 | 1122.2 |
       Dungeon |   4489 |   4203 |    286 |   1756 |   1601 |   4 | 1122.2 |
               +--------+--------+--------+--------+--------+-----+--------+

Top non-repeatable levels by time:
     D:3: 1794 daAuts
     D:2: 1391 daAuts
     D:1: 1236 daAuts
     D:4: 67 daAuts
